 Dungeon Crawl Stone Soup version 0.17-a0-968-gf8e1f1d (webtiles) character file.

448 laxity the Firebug (level 6, -7/32 HPs)
             Began as a Deep Elf Fire Elementalist on May 9, 2015.
             Was an Initiate of Vehumet.
             Mangled by Sigmund
             ... wielding a +5 scythe of protection
              (10 damage)
             ... on level 2 of the Dungeon.
             The game lasted 00:10:28 (4255 turns).

laxity the Firebug (Deep Elf Fire Elementalist)     Turns: 4255, Time: 00:10:29

Health: -7/32      AC:  2    Str:  5    XL:     6   Next: 73%
Magic:  19/25      EV: 13    Int: 22    God:    Vehumet [......]
Gold:   270        SH:  0    Dex: 15    Spells: 4 memorised, 5 levels left

rFire  . . .     SeeInvis .     g - +1 dagger
rCold  . . .     Clarity  .     a - +0 robe
rNeg   . . .     SustAb   .     (no shield)
rPois  .         Gourm    .     i - +0 hat
rElec  .         Spirit   .     (no cloak)
rCorr  .         Warding  .     (no gloves)
rMut   .         Stasis   .     (no boots)
MR     +....                    (no amulet)
Stlth  ++........               o - ring of protection from magic
                                d - ring of magical power

@: somewhat resistant to hostile enchantments, unstealthy
A: no striking features
a: Renounce Religion


You were on level 2 of the Dungeon.
You worshipped Vehumet.
Vehumet was noncommittal.
You were not hungry.

You visited 1 branch of the dungeon, and saw 4 of its levels.

You collected 283 gold pieces.
You spent 13 gold pieces at shops.

Inventory:

Hand weapons
 g - a +1 dagger (weapon)
Armour
 a - a +0 robe (worn)
 i - a +0 hat (worn)
 q - a +0 buckler
Jewellery
 d - a ring of magical power (left hand)
 e - a +2 ring of dexterity
 o - a ring of protection from magic (right hand)
 A - an uncursed ring of invisibility
Magical devices
 B - a wand of frost (13)
 D - a wand of random effects (19)
Scrolls
 f - 4 scrolls of remove curse
 h - 4 scrolls of fog
 l - 3 scrolls of teleportation
 m - a scroll of amnesia
 n - 3 scrolls of identify
 p - a scroll of magic mapping
 y - a scroll of noise
Potions
 s - 2 potions of curing {unknown}
 t - a potion of mutation {unknown}
 u - a potion of haste {unknown}
 v - a potion of magic {unknown}
 w - a potion of berserk rage {unknown}
 z - a potion of cure mutation {unknown}
 E - a potion of lignification
Books
 b - a book of Flames

   Spells                             Type                      Level
   a - Flame Tongue                   Conjuration/Fire             1
   b - Throw Flame                    Conjuration/Fire             2
   c - Conjure Flame                  Conjuration/Fire             3
   d - Inner Flame                    Hexes/Fire                   3
   e - Sticky Flame                   Conjuration/Fire             4
   f - Fireball                       Conjuration/Fire             5
Comestibles
 c - 3 bread rations
 j - 8 fruits
 k - a beef jerky
 r - 4 meat rations
 x - 2 chunks of flesh


   Skills:
 - Level 1.2 Short Blades
 - Level 2.4 Dodging
 - Level 2.4 Stealth
 + Level 5.4 Spellcasting
 + Level 4.6 Conjurations
 + Level 5.5 Fire Magic


You had 5 spell levels left.
You knew the following spells:

 Your Spells              Type           Power        Failure   Level  Hunger
a - Flame Tongue          Conj/Fire      ####.        1%          1    None
b - Throw Flame           Conj/Fire      ####..       1%          2    None
c - Conjure Flame         Conj/Fire      ####....     4%          3    ##.....
d - Sticky Flame          Conj/Fire      ####....     14%         4    ####...


Dungeon Overview and Level Annotations

Branches:
Dungeon (4/15)
 Temple: D:4-7

Altars:
Trog
Vehumet

Shops:
D:4 ::?}}

Annotations:
D:2 Sigmund


Message History

Confirm with . or Enter, or press ? or * to list all spells.
Aiming: Sticky Flame
Press: ? - help, Shift-Dir - straight line, f/p - Sigmund
Aim: Sigmund, wielding a scythe of protection, wearing a robe and carrying a wand of flame {zapped: 3} The sticky flame hits Sigmund.
Sigmund is lightly wounded.
Sigmund is covered in liquid flames!
Sigmund burns!
Sigmund closely misses you.
Sigmund burns!
Sigmund burns!
Sigmund zaps a wand.
The puff of flame hits you!
* * * LOW HITPOINT WARNING * * *
Casting: Sticky Flame
Confirm with . or Enter, or press ? or * to list all spells.
Aiming: Throw Flame
Press: ? - help, Shift-Dir - straight line, f/p - Sigmund
Aim: Sigmund, wielding a scythe of protection, wearing a robe and carrying a wand of flame {zapped: 4} (heavily wounded, covered in liquid flames)
The puff of flame hits Sigmund.
Sigmund is severely wounded.
Sigmund burns!
Sigmund hits you from afar with a scythe of protection!
You die...

#.# ##.## #
#.#####..#########
#.#...##.##.......
#.#...##.##.......
#.#...##..#.......
#.#...###.#.......
#.#...# #.#.......
#.#...###.........
#@#.....##........
#.#.....##........
#@#.....###.......
#g#.....# #.######
#.#.....# #..# #
..#.....####.#####
......+.....'.........
.....##.....#####.####
..... +.....+.........


You could see Sigmund (burning) and a goblin.

Vanquished Creatures
  An ogre (D:4)
  The ghost of Gorice the Chopper, an average GrWn (D:3)
  2 giant frog skeletons (D:4)
  Natasha (thrice) (D:3)
  An iguana (D:4)
  A worker ant (D:4)
  3 gnolls (D:3)
  5 adders
  2 oozes
  An adder skeleton (D:4)
  7 giant geckos
  2 orcs (D:3)
  A ball python (D:3)
  3 giant cockroaches
  10 goblins
  10 hobgoblins
  7 kobolds
  A quokka (D:3)
  7 bats
  2 giant newts
  A quokka skeleton (D:4)
  7 rats
78 creatures vanquished.

Notes
Turn   | Place    | Note
--------------------------------------------------------------
     0 | D:1      | laxity, the Deep Elf Fire Elementalist, began the quest for the Orb.
     0 | D:1      | Reached XP level 1. HP: 10/10 MP: 6/6
   328 | D:1      | Reached XP level 2. HP: 15/15 MP: 2/8
   580 | D:1      | Learned a level 2 spell: Throw Flame
  1182 | D:1      | Reached XP level 3. HP: 19/19 MP: 9/9
  1780 | D:2      | Noticed Sigmund
  1786 | D:2      | Learned a level 3 spell: Conjure Flame
  1861 | D:3      | Reached skill level 4 in Fire Magic
  1864 | D:3      | Reached skill level 1 in Short Blades
  1864 | D:3      | Reached XP level 4. HP: 16/24 MP: 10/11
  1979 | D:3      | Noticed Natasha
  1984 | D:3      | Killed Natasha
  2139 | D:3      | Learned a level 4 spell: Sticky Flame
  2237 | D:3      | Noticed Gorice's ghost (average GrWn)
  2250 | D:3      | Killed Gorice's ghost
  2250 | D:3      | Reached XP level 5. HP: 28/28 MP: 10/13
  2503 | D:3      | Found a radiant altar of Vehumet.
  2517 | D:3      | Became a worshipper of Vehumet
  2574 | D:3      | Noticed Natasha
  2578 | D:3      | Killed Natasha
  2698 | D:3      | Noticed Natasha
  2699 | D:3      | Killed Natasha
  2754 | D:4      | Found Xonuafox's Gadget Shop.
  2773 | D:4      | Found Kefeer's Gadget Emporium.
  2789 | D:4      | Reached skill level 5 in Fire Magic
  2854 | D:4      | Reached XP level 6. HP: 18/32 MP: 15/15
  3309 | D:4      | Reached skill level 5 in Spellcasting
  3552 | D:4      | Noticed an ogre
  3555 | D:4      | Killed an ogre
  3729 | D:4      | Found Zyho's Book Shop.
  3800 | D:4      | Found Gutsy's Book Emporium.
  3812 | D:4      | Found Guischal's Magic Scroll Shoppe.
  3819 | D:4      | Bought a scroll of noise for 13 gold pieces
  3973 | D:4      | Found a bloodstained altar of Trog.
  4255 | D:2      | Mangled by Sigmund

Action                   |  1- 3 |  4- 6 || total
-------------------------+-------+-------++-------
Melee: Unarmed           |     2 |       ||     2
 Cast: Flame Tongue      |    37 |    57 ||    94
       Throw Flame       |    28 |    38 ||    66
       Conjure Flame     |       |     1 ||     1
       Sticky Flame      |       |     1 ||     1
  Use: Scroll            |       |    10 ||    10
  Eat: Chunk             |     4 |     7 ||    11
